 Dungeon Crawl Stone Soup version 0.21-a0-522-ga8338f0 (webtiles) character file.

377 tsouns the Sneak (level 6, -1/46 HPs)
             Began as a Demonspawn Assassin on Dec 6, 2017.
             Slain by Grinder (9 damage)
             ... while paralysed by Grinder
             ... on level 4 of the Dungeon.
             The game lasted 00:09:16 (3432 turns).

tsouns the Sneak (Demonspawn Assassin)              Turns: 3432, Time: 00:09:17

Health: -1/46      AC:  4    Str: 13    XL:     6   Next: 45%
Magic:  6/6        EV:  2    Int: 13    God:
Gold:   228        SH:  0    Dex: 14    Spells: 5/5 levels left

rFire    . . .     SeeInvis +   a - +2 dagger
rCold    . . .     Gourm    .   (no shield)
rNeg     . . .     Faith    .   c - +0 robe
rPois    .         Spirit   .   (helmet restricted)
rElec    .         Reflect  .   d - +0 cloak
rCorr    .         Harm     .   (no gloves)
MR       .....                  o - +0 pair of boots
Stlth    ++++......             (no amulet)
HPRegen  0.15/turn              u - ring of see invisible
MPRegen  0.10/turn              (no ring)

@: paralysed
A: antennae 2, repulsion field 1, nightstalker 1
a: no special abilities


You were on level 4 of the Dungeon.
You were not hungry.

You visited 1 branch of the dungeon, and saw 4 of its levels.

You collected 228 gold pieces.

Inventory:

Hand Weapons
 a - a +2 dagger (weapon)
 b - a +0 blowgun
Missiles
 e - 24 poisoned needles
 f - 2 curare-tipped needles
Armour
 c - a +0 robe (worn)
 d - a +0 cloak (worn)
 o - a +0 pair of boots (worn)
Jewellery
 u - a ring of see invisible (left hand)
Wands
 j - a wand of iceblast (2)
 k - a wand of digging (14)
Scrolls
 h - 5 scrolls of teleportation
Potions
 i - 2 potions of ambrosia
 l - a potion of heal wounds {unknown}
 m - a potion of degeneration {unknown}
 n - 4 potions of curing
 p - a potion of mutation
 r - 3 potions of flight
 v - a potion of haste
Comestibles
 g - 2 bread rations


   Skills:
 + Level 2.7 Fighting
 + Level 4.6 Short Blades
 - Level 1.7 Throwing
 - Level 0.8 Dodging
 - Level 5.6 Stealth


You had 5 spell levels left.
You didn't know any spells.

Dungeon Overview and Level Annotations

Branches:
Dungeon (4/15)
 Temple: D:4-7

Altars:
Cheibriados
Dithmenos
Elyvilon
Fedhas
Hepliaklqana
Nemelex Xobeh
The Shining One

Annotations:
D:4 Grinder


Innate Abilities, Weirdness & Mutations

You have a pair of antennae on your head.
You are surrounded by a mild repulsion field. (EV +2)
You are slightly more attuned to the shadows.


Message History

You closely miss Grinder.
Grinder is almost dead.
Grinder hits you.
You writhe in agony.
You are too injured to fight recklessly!
You are too injured to fight recklessly!
You are too injured to fight recklessly!
You hit Grinder.
Grinder is almost dead.
Grinder gestures at you. Pain shoots through your body!
You hit Grinder.
Grinder is almost dead.
Grinder gestures at you.
You suddenly lose the ability to move!
Grinder hits you.
* * * LOW HITPOINT WARNING * * *
You writhe in agony.
* * * LOW HITPOINT WARNING * * *
Grinder hits you!
You die...

+##......#.......##....##...#
.##......#...##..##....#....#
........##'####..##....'....#
.##.....##...##..##....##...#
###.....##...#.).############
.##..........##)†#
........##...##'##
........#######).##
.##.....##....#.@.#
.##.....##...##.5.#
..#.....'....##..##
..'.....##...##...
..#.....##'####...
..#......#...##(..#
.##......#....###.#
###.....##....#
.##############


You could see Grinder.

Vanquished Creatures
  2 hounds (D:4)
  An orc priest (D:4)
  5 orc wizards
  A worker ant (D:3)
  4 adders
  2 oozes (D:3)
  An adder skeleton (D:4)
  3 worms
  A dart slug (D:3)
  A leopard gecko (D:4)
  10 orcs
  A ball python (D:2)
  3 giant cockroaches (D:2)
  5 goblins
  6 hobgoblins
  4 jackals (D:3)
  2 quokkas (D:3)
  4 bats
  5 frilled lizards
  4 kobolds
  5 rats
70 creatures vanquished.

Notes
Turn   | Place    | Note
-------+----------+-------------------------------------------
     0 | D:1      | tsouns the Demonspawn Assassin began the quest for the Orb.
     0 | D:1      | Reached XP level 1. HP: 16/16 MP: 1/1
   563 | D:1      | Gained mutation: You are slightly more attuned to the shadows. [demonic ancestry]
   563 | D:1      | Reached XP level 2. HP: 20/22 MP: 2/2
   928 | D:2      | Found a snail-covered altar of Cheibriados.
   955 | D:2      | Found a glowing golden altar of the Shining One.
   955 | D:2      | Found a sparkling altar of Nemelex Xobeh.
  1035 | D:2      | Found a blossoming altar of Fedhas.
  1048 | D:2      | Reached skill level 4 in Stealth
  1401 | D:2      | Gained mutation: You are surrounded by a mild repulsion field. (EV +2) [demonic ancestry]
  1401 | D:2      | Reached XP level 3. HP: 27/27 MP: 3/3
  1804 | D:3      | Gained mutation: You have a pair of small antennae on your head. [demonic ancestry]
  1804 | D:3      | Reached XP level 4. HP: 33/33 MP: 4/4
  1818 | D:3      | Found a shadowy altar of Dithmenos.
  2006 | D:3      | Reached skill level 5 in Stealth
  2006 | D:3      | Gained mutation: You have a pair of antennae on your head. [demonic ancestry]
  2006 | D:3      | Reached XP level 5. HP: 14/38 MP: 5/5
  2337 | D:3      | Found a white marble altar of Elyvilon.
  2337 | D:3      | Found a hazy altar of Hepliaklqana.
  2973 | D:4      | Reached XP level 6. HP: 15/44 MP: 6/6
  3373 | D:4      | Noticed Grinder
  3430 | D:4      | Paralysed by Grinder for 4 turns
  3432 | D:4      | Slain by Grinder

Vault maps used:
D:1:      onia_arrival_pyramid, minmay_pentomino_x4
D:2:      nemelex_xobeh_ov_fountains_minmay, cheibriados_altar_1,
          overflow_temple_1_default, overflow_temple_1_default
D:3:      gammafunk_temple_overflow_wave, nicolae_overflow_hidden_temple
D:4:      tgw_sif, first_bread, st_stairs_6, uniq_grinder

Skill      XL: |  1  2  3  4  5 |
---------------+----------------+-----
Short Blades   | 2 3 4 |  4.6
Stealth        | 4 5 |  5.6
Fighting       | |  2.7
Throwing       | |  1.7
Dodging        | |  0.8

Action                   |  1- 3 |  4- 6 || total
-------------------------+-------+-------++-------
Melee: Dagger            |    90 |   180 ||   270
 Fire: Blowgun           |     6 |       ||     6
Evoke: Wand              |       |     4 ||     4
  Use: Scroll            |       |    11 ||    11
       Potion            |       |     1 ||     1
 Stab: Sleeping          |     9 |     9 ||    18
  Eat: Chunk             |     3 |     4 ||     7
       Royal jelly       |       |     1 ||     1
Armor: Robe              |    20 |    18 ||    38
       Skin              |       |    31 ||    31
Dodge: Dodged            |    43 |    81 ||   124

Table legend:
 A = Spawn XP
 B = Non-spawn XP
 C = Spawn XP percentage of total XP
 D = Spawn monster count
 E = Non-spawn monster count
 F = Spawn count percentage of total count
 G = Total turns spent on level
                    A         B        C        D         E        F      G
               +---------+---------+-------+---------+---------+-------+---------
         Total |       0 |     539 |   0.0 |       0 |      70 |   0.0 |  3432
               +---------+---------+-------+---------+---------+-------+---------
           D:1 |       0 |      15 |   0.0 |       0 |      10 |   0.0 |   928
           D:2 |       0 |      29 |   0.0 |       0 |      14 |   0.0 |   936
           D:3 |       0 |     250 |   0.0 |       0 |      32 |   0.0 |  1208
           D:4 |       0 |     245 |   0.0 |       0 |      14 |   0.0 |   360
               +---------+---------+-------+---------+---------+-------+---------
